 Dungeon Crawl Stone Soup version 0.31-a0-246-g8cbcc1cb85 (webtiles) character file.

Game seed: 10604645854956935481

0 Vomitron the Changeling (level 1, 0/20 HPs)
             Began as a Gnoll Shapeshifter on July 12, 2023.
             Slain by a quokka (2 damage)
             ... on level 1 of the Dungeon.
             The game lasted 00:00:22 (57 turns).

Vomitron the Changeling (Gnoll Shapeshifter)          Turns: 57, Time: 00:00:23

Health: 0/20       AC:  2    Str: 14    XL:     1   Next: 10%
Magic:  1/1        EV: 13    Int:  7    God:
Gold:   0          SH:  0    Dex: 12    Spells: 0/0 levels left

rFire   . .          .
                       - Unarmed
rCold   . . .        (no shield)
rNeg    . . .        a - +0 animal skin
rPois   .            (no helmet)
rElec   .            (no cloak)
rCorr   .            (no gloves)
SInv    .            (no boots)
Will    .....        (no amulet)
Stlth   +            (no ring)
HPRegen 0.23/turn    (no ring)
MPRegen 0.07/turn

%: no passive effects
@: no status effects
A: fangs 1, strong nose, distributed training
a: no special abilities


You were on level 1 of the Dungeon.
You visited 1 branch of the dungeon, and saw 1 of its levels.

Inventory:

Armour
 a - a +0 animal skin (worn)
Talismans
 c - a beast talisman
Potions
 b - a potion of lignification


   Skills:
 + Level 4.4 Fighting
 + Level 0.0 Short Blades
 + Level 0.0 Long Blades
 + Level 0.0 Axes
 + Level 0.0 Maces & Flails
 + Level 0.0 Polearms
 + Level 0.0 Staves
 + Level 0.0 Ranged Weapons
 + Level 0.0 Throwing
 + Level 0.0 Armour
 + Level 4.4 Dodging
 + Level 0.0 Stealth
 + Level 0.0 Shields
 + Level 4.4 Unarmed Combat
 + Level 0.0 Spellcasting
 + Level 0.0 Conjurations
 + Level 0.0 Hexes
 + Level 0.0 Summonings
 + Level 0.0 Necromancy
 + Level 0.0 Translocations
 + Level 0.0 Transmutations
 + Level 0.0 Fire Magic
 + Level 0.0 Ice Magic
 + Level 0.0 Air Magic
 + Level 0.0 Earth Magic
 + Level 0.0 Poison Magic
 + Level 0.0 Invocations
 + Level 0.0 Evocations
 + Level 6.4 Shapeshifting


You couldn't memorise any spells.
You didn't know any spells.
Your spell library was empty.

Dungeon Overview and Level Annotations

Branches:
Dungeon (1/15)

Altars:


Innate Abilities, Weirdness & Mutations

You have very sharp teeth.
Your uncanny sense of smell can sniff out nearby items.
Your experience applies equally to all skills.


Message History

HP restored.
A kobold comes into view. It is wielding a +2 vampiric dagger.
A kobold is nearby!
The kobold shouts!
A quokka comes into view. x2
Sorry, you're not good enough to have a special ability.
There are monsters nearby!
Still begin transforming?
You begin untransforming.
You continue untransforming.
The kobold hits you with a +2 vampiric dagger.
Keep transforming yourself? [Y]es or [N]o only, please.
Keep transforming yourself? [Y]es or [N]o only, please.
Keep transforming yourself? [Y]es or [N]o only, please.
Keep transforming yourself?
You continue untransforming.
The kobold barely misses you. The quokka misses you.
You continue untransforming.
The ball python hisses angrily.
The quokka bites you. The kobold misses you. The quokka misses you.
Your transformation has ended.
The kobold hits you with a +2 vampiric dagger.
The quokka bites you.
Unknown command.
Unknown command.
Unknown command.
Unknown command.
Unknown command.
You barely miss the kobold. The kobold misses you. The quokka bites you.
* * * LOW HITPOINT WARNING * * *
Unknown command.
You barely miss the kobold.
The kobold hits you with a +2 vampiric dagger.
* * * LOW HITPOINT WARNING * * *
You hit the kobold.
You kill the kobold!
The quokka misses you. The quokka bites you.
You die...

#.....###
#.......#
#.....#.
#......
#.....#
#.....# ∆
#.....##.##.
###rr.......
#.@)#.#..###
##.###r..##
#.......##
######..###..#
#.>.....# #.#
#....†.## ..
#...#### ..
#.### ####.#


You could see 2 quokkas.

Vanquished Creatures
  A kobold (D:1)
  A rat (D:1)
2 creatures vanquished.

Notes
Turn   | Place    | Note
-------+----------+-------------------------------------------
     0 | D:1      | Vomitron the Gnoll Shapeshifter began the quest for the
                  | Orb.
     0 | D:1      | Reached XP level 1. HP: 20/20 MP: 1/1
    57 | D:1      | Slain by a quokka

Illustrated notes

Levels and vault maps discovered:
D:1:      dpeg_arrival_tiny_k, layout_rooms, minmay_bisected

Action                     || total
---------------------------++-------
  Melee: Unarmed           ||     4
  Dodge: Dodged            ||     6
         Form:             ||     1

Table legend: (Time is in decaauts)
 A = Elapsed time spent in this place.
 B = Non-inter-level travel time spent in this place.
 C = Inter-level travel time spent in this place.
 D = Time resting spent in this place.
 E = Time spent auto-exploring this place.
 F = Levels seen in this place.
 G = Mean time per level.
                   A        B        C        D        E       F      G
               +--------+--------+--------+--------+--------+-----+--------+
         Total |     56 |     56 |      0 |      0 |     39 |   1 |   56.0 |
       Dungeon |     56 |     56 |      0 |      0 |     39 |   1 |   56.0 |
               +--------+--------+--------+--------+--------+-----+--------+

Top non-repeatable levels by time:
     D:1: 56 daAuts
